 Dungeon Crawl Stone Soup version 0.31-a0-1589-g8f5e8aebd6 (webtiles) character file.

Game seed: 4175552183425033896

106 nono the Sneak (level 4, -2/23 HPs)
             Began as a Vine Stalker Brigand on Aug 26, 2023.
             Slain by a goblin
             ... wielding a +0 club
             ... led by Robin
              (6 damage)
             ... on level 3 of the Dungeon on Jan 6, 2024.
             The game lasted 00:05:03 (1644 turns).

nono the Sneak (Vine Stalker Brigand)               Turns: 1644, Time: 00:05:03

Health: -2/23      AC: 10    Str: 16    XL:     4   Next: 84%
Magic:  0/5        EV:  7    Int: 11    God:
Gold:   121        SH:  0    Dex: 15    Spells: 3/3 levels left

rFire   . . .        t - +1 whip (pain)
rCold   . . .        (no shield)
rNeg    . . .        m - +0 chain mail
rPois   .            (no helmet)
rElec   .            c - +0 cloak
rCorr   .            (no gloves)
SInv    .            x - +0 pair of boots
Will    .....        (no amulet)
Stlth   +            (no ring)
HPRegen 0.23/turn    (no ring)
MPRegen 0.09/turn

%: guardian spirit
@: no status effects
A: fangs 2, magic shield, antimagic bite, no potion heal 2
a: no special abilities


You were on level 3 of the Dungeon.
You visited 1 branch of the dungeon, and saw 3 of its levels.

You collected 121 gold pieces.

Inventory:

Hand Weapons
 a - a +2 dagger
 n - a +0 whip
 t - a +1 whip of pain (weapon)
 w - a +2 dagger of protection
Missiles
 d - 13 poisoned darts (quivered)
 e - 3 curare-tipped darts
Armour
 b - a +0 robe
 c - a +0 cloak (worn)
 g - a +0 ring mail
 m - a +0 chain mail (worn)
 x - a +0 pair of boots (worn)
Scrolls
 h - a scroll of poison {unknown}
 k - 3 scrolls of amnesia {unknown}
 o - a scroll of teleportation {unknown}
 p - a scroll of noise {unknown}
 r - a scroll of enchant weapon {unknown}
 u - 2 scrolls of silence {unknown}
 v - 2 scrolls of identify {unknown}
Potions
 f - a potion of haste {unknown}
 i - 2 potions of degeneration {unknown}
 j - 3 potions of curing {unknown}
 l - a potion of might {unknown}
 q - a potion of berserk rage {unknown}
 s - a potion of brilliance {unknown}


   Skills:
 + Level 2.8 Fighting
 - Level 2.4 Short Blades
 + Level 1.2 Maces & Flails
 - Level 1.7 Throwing
 - Level 0.5 Armour
 - Level 0.7 Dodging
 + Level 5.8 Stealth


You had 3 spell levels left.
You didn't know any spells.
Your spell library was empty.

Dungeon Overview and Level Annotations

Branches:
Dungeon (3/15)

Altars:


Innate Abilities, Weirdness & Mutations

You have extremely sharp teeth.
When hurt, damage is shared between your health and your magic reserves.
Your bite disrupts and absorbs the magic of your enemies.
Potions cannot restore your health.


Message History

Robin is heavily wounded.
The goblin no longer looks unusually strong.
The goblin hits you but does no damage. Robin hits you but does no damage.
The goblin hits you but does no damage.
You hit Robin but do no damage. You bite Robin, but do no damage.
Robin is heavily wounded.
The goblin hits you with a +0 dagger.
Robin roars a battlecry!
The goblins go into a battle-frenzy!
The goblin hits you but does no damage.
You closely miss Robin. You bite Robin, but do no damage.
Robin is heavily wounded.
The goblin barely misses you. Robin hits you with a +0 spear.
The goblin hits you but does no damage.
You hit Robin.
Robin is heavily wounded.
The goblin barely misses you. Robin hits you but does no damage.
The goblin hits you but does no damage.
You hit Robin. You punch Robin, but do no damage. You bite Robin.
You kill Robin!
The goblin hits you with a +0 dagger. The goblin hits you but does no damage.
You hit the goblin.
The goblin is moderately wounded.
The goblin hits you but does no damage. The goblin hits you with a +0 club. x2
You hit the goblin. You bite the goblin.
You kill the goblin!
The goblin hits you with a +0 dagger.
* * * LOW HITPOINT WARNING * * *
The goblin hits you but does no damage. The goblin hits you but does no damage.
Items here: )) [[ †.
You closely miss the goblin. Your bite misses the goblin.
The goblin hits you with a +0 dagger.
* * * LOW HITPOINT WARNING * * *
The goblin hits you but does no damage.
You closely miss the goblin. Your bite misses the goblin.
The goblin hits you with a +0 dagger.
* * * LOW HITPOINT WARNING * * *
The goblin hits you with a +0 club.
You die...

.# gg # ########## g# .#
.... .........## g# ...
...............# .# ..
...##......#..# .#.##..
#.....###.#..####.......
#...............).#
#......##.#.#@g##.#.#
#......##.#.##g##.#.##.#
#......##.#.##g##.#.##.#
####.##+#.##.#.##....#.##.#
........#....#.####..#.##.##
####.#..######.# #..#.##..
........# ..# #.<..##.#
###)...##.#
######...#.#######
###........
............##.....


You could see 3 goblins.

Vanquished Creatures
  Jessica (D:3)
  Robin (D:3)
  A ribbon worm (D:2)
  3 dart slugs
  3 orcs (D:2)
  2 bats (D:2)
  8 endoplasms
  3 giant cockroaches (D:1)
  9 goblins
  3 hobgoblins
  2 jackals (D:2)
  A quokka (D:2)
  4 ball pythons
  4 frilled lizards (D:2)
  6 kobolds
  2 rats (D:1)
53 creatures vanquished.

Notes
Turn   | Place    | Note
-------+----------+-------------------------------------------
     0 | D:1      | nono the Vine Stalker Brigand began the quest for the Orb.
     0 | D:1      | Reached XP level 1. HP: 11/11 MP: 2/2
    68 | D:1      | Reached skill level 5 in Stealth
    75 | D:1      | Reached XP level 2. HP: 15/15 MP: 3/3
   325 | D:1      | Found a faded altar of an unknown god.
   583 | D:1      | Reached XP level 3. HP: 18/18 MP: 4/4
   795 | D:2      | Upgraded the game from 0.31-a0-631-g285b096dc4 to
                  | 0.31-a0-1589-g8f5e8aebd6
  1246 | D:2      | Reached XP level 4. HP: 23/23 MP: 5/5
  1607 | D:3      | Noticed Jessica
  1608 | D:3      | Noticed Robin
  1627 | D:3      | Killed Jessica
  1628 | D:3      | Reached skill level 1 in Maces & Flails
  1639 | D:3      | Killed Robin
  1644 | D:3      | Slain by a goblin

Illustrated notes

Levels and vault maps discovered:
D:1:      tekkud_arrival_beachfront_property, layout_loops_ring,
          ebering_ecumenical_altar_sacrificial, nicolae_houndstooth_variations
D:2:      layout_basic, minmay_tromino_v4_c
D:3:      layout_basic, nicolae_dithmenos_shadow_blocks, serial_park_tiny_1,
          minmay_misc_feat_tower, uniq_natasha, uniq_robin, uniq_jessica

Skill      XL: |  1  2  3  4 |
---------------+-------------+-----
Short Blades   | 2 |  2.4
Stealth        | 5 |  5.8
Fighting       | 2 |  2.8
Maces & Flails | 1 |  1.2
Throwing       | |  1.7
Armour         | |  0.5
Dodging        | |  0.7

Action                     |  1- 3 |  4- 6 || total
---------------------------+-------+-------++-------
  Melee: Dagger            |    72 |       ||    72
         Bite              |    28 |     9 ||    37
         Whip              |    21 |    44 ||    65
         Punch             |     1 |     1 ||     2
   Stab: Sleeping          |     4 |       ||     4
 Armour: Robe              |     3 |       ||     3
         Ring mail         |     7 |       ||     7
         Chain mail        |    30 |    57 ||    87
  Dodge: Dodged            |    27 |    20 ||    47

Table legend: (Time is in decaauts)
 A = Elapsed time spent in this place.
 B = Non-inter-level travel time spent in this place.
 C = Inter-level travel time spent in this place.
 D = Time resting spent in this place.
 E = Time spent auto-exploring this place.
 F = Levels seen in this place.
 G = Mean time per level.
                   A        B        C        D        E       F      G
               +--------+--------+--------+--------+--------+-----+--------+
         Total |   1643 |   1409 |    234 |      0 |   1019 |   3 |  547.7 |
       Dungeon |   1643 |   1409 |    234 |      0 |   1019 |   3 |  547.7 |
               +--------+--------+--------+--------+--------+-----+--------+

Top non-repeatable levels by time:
     D:1: 893 daAuts
     D:2: 602 daAuts
     D:3: 148 daAuts
